 Dungeon Crawl Stone Soup version 0.29.1-13-g9f3cf754e1 (webtiles) character file.

Game seed: 4292676747278245546

1186 Saba the Skirmisher (level 8, 0/52 HPs)
             Began as a Gargoyle Hunter on Feb 8, 2023.
             Slain by a wight
             ... wielding a +3 mace of freezing
              (8 damage)
             ... on level 6 of the Dungeon.
             The game lasted 00:08:48 (5257 turns).

Saba the Skirmisher (Gargoyle Hunter)               Turns: 5257, Time: 00:08:48

Health: 0/52       AC: 14    Str: 14    XL:     8   Next: 42%
Magic:  8/8        EV: 12    Int: 11    God:
Gold:   169        SH:  0    Dex: 15    Spells: 7/7 levels left

rFire   + . .      SeeInvis .   a - +1 shortbow
rCold   . . .      Faith    .   (shield currently unavailable)
rNeg    + . .      Spirit   .   v - +2 robe {rF+}
rPois   ∞          Reflect  .   j - +1 helmet
rElec   +          Harm     .   (no cloak)
rCorr   .          Rampage  .   q - +2 pair of gloves
Will    .....                   (no boots)
Stlth   ++........              (no amulet)
HPRegen 0.17/turn               (no ring)
MPRegen 0.11/turn               (no ring)

@: weak-willed
A: sickness immunity, AC +5, negative energy resistance 1, electricity
resistance, torment resistance 1, petrification resistance
a: no special abilities


You were on level 6 of the Dungeon.
You visited 1 branch of the dungeon, and saw 6 of its levels.

You collected 169 gold pieces.

Inventory:

Hand Weapons
 a - a +1 shortbow (weapon)
 n - a +2 war axe of freezing
Armour
 j - a +1 helmet (worn)
 k - a +2 pair of boots of flying
 q - a +2 pair of gloves (worn)
 v - a +2 robe of fire resistance (worn)
Wands
 l - a wand of flame (9)
Scrolls
 b - 2 scrolls of immolation
 c - a scroll of magic mapping
 f - a scroll of vulnerability
 g - 2 scrolls of noise
 h - a scroll of enchant weapon
 t - a scroll of identify
Potions
 d - a potion of haste {unknown}
 e - 2 potions of cancellation {unknown}
 i - a potion of curing {unknown}
 m - a potion of resistance {unknown}
 o - 3 potions of degeneration
 p - a potion of ambrosia {unknown}


   Skills:
 + Level 6.5 Fighting
 * Level 9.0 Ranged Weapons
 - Level 1.5 Dodging
 - Level 1.1 Stealth


You had 7 spell levels left.
You didn't know any spells.
Your spell library contained the following spells:

 Spells                   Type           Power      Damage    Failure   Level
 Summon Small Mammal      Summ           0%         N/A       34%         1
 Call Canine Familiar     Summ           0%         N/A       71%         3
 Gell's Gravitas          Tloc           0%         N/A       71%         3
 Summon Guardian Golem    Hex/Summ       0%         N/A       71%         3
 Teleport Other           Tloc           0%         N/A       71%         3
 Hailstorm                Conj/Ice       0%         3d3       98%         4
 Ice Form                 Ice/Tmut       0%         N/A       98%         4
 Fireball                 Conj/Fire      0%         3d3       100%        5
 Iskenderun's Battlesphe  Conj           0%         2d6       100%        5
 Conjure Ball Lightning   Conj/Air       0%         3x3d6     100%        6
 Dispersal                Tloc           0%         N/A       100%        6
 Simulacrum               Ice/Necr       0%         N/A       100%        6
 Orb of Destruction       Conj           0%         9d5       100%        7


Dungeon Overview and Level Annotations

Branches:
Dungeon (6/15)
 Temple: D:4-7

Altars:
Ashenzari

Annotations:
D:5 3 runed translucent doors, AverageBear's ghost, amateur DsFi


Innate Abilities, Weirdness & Mutations

You are immune to sickness and miasma.
Your stone body is resilient. (AC +5)
You are immune to poison.
You resist negative energy. (rN+)
You are resistant to electric shocks. (rElec)
You are resistant to unholy torment.
You are immune to petrification.


Message History

The wight attacks as you move away! The wight hits you but does no damage.
As you read the scroll labelled KEFIOCLUESO, it crumbles to dust.
You feel aware of your surroundings.
It was a scroll of magic mapping.
The wight closely misses you.
As you read the scroll labelled TAUTOR LY RUHOAPS, it crumbles to dust.
Magic quickly surges around you.
It was a scroll of vulnerability.
The wight hits you but does no damage.
As you read the scroll labelled MASECVUWYU, it crumbles to dust.
It is a scroll of enchant weapon.
Your +0 shortbow glows red for a moment.
The wight hits you with a +3 dagger.
The air fills with toxic fumes!
As you read the scroll labelled DILUPH ODWAXYQ, it crumbles to dust.
It was a scroll of poison.
The wight hits you but does no damage.
Okay, then.
The wight attacks as you move away! The wight barely misses you.
As you read the scroll labelled VUTUKK KIOSS, it crumbles to dust.
You assume a fearsome visage.
The wight is unaffected. x2
It was a scroll of fear.
The wight hits you with a +3 dagger.
This is a scroll of acquirement!
Something appears at your feet!
k - a +2 pair of boots of flying The wight hits you with a +3 dagger.
* * * LOW HITPOINT WARNING * * *
The wight attacks as you move away! The wight misses you.
The wight attacks as you move away!
The wight hits you with a +3 mace of freezing.
* * * LOW HITPOINT WARNING * * *
The wight freezes you.
* * * LOW HITPOINT WARNING * * *
As you read the scroll labelled FOIGGEI MOUJ, it crumbles to dust.
It is a scroll of identify.
o - 3 potions of degeneration A wight comes into view.
It is wielding a +4 war axe.
The wight hits you but does no damage. The wight closely misses you.
As you read the scroll labelled FIYROW TOKOCH, it crumbles to dust.
It is a scroll of enchant armour.
Your +0 helmet glows green for a moment.
The wight hits you with a +3 mace of freezing!
You die...

,....,*####.........#
,.....##...######§#.###
,......)...+.....○§..>#
,.....##...######.###.#
,.#...........# #.###.#
,,#...........# #.#...#
,,#...........# #☼#.###
,,#..........z###z☼.#
**#.............@z### *
####....#..#.##§# *
#.####.##.##○#
######.#....##.##§#
.....[.#.#####...§#
.....#<..#.....####
.......###.#...#
...#...........#
.,,####......#.#


You could see 3 wights.

Vanquished Creatures
  Sigmund (D:5)
  Menkaure (D:5)
  An ice beast (D:6)
  A centaur (D:5)
  2 phantoms (D:5)
  Blork the orc (D:5)
  A necrophage (D:4)
  A wight (D:6)
  A jelly (D:5)
  An orc priest (D:5)
  A hound (D:4)
  2 iguanas
  An orc wizard (D:3)
  Robin (D:2)
  13 adders
  2 ufetubi (D:4)
  2 worms
  11 orcs
  4 bats
  3 endoplasms
  9 giant cockroaches
  11 goblins
  2 hobgoblins (D:2)
  10 jackals
  2 quokkas
  7 ball pythons
  5 frilled lizards
  10 kobolds
  A rat (D:2)
108 creatures vanquished.

Notes
Turn   | Place    | Note
-------+----------+-------------------------------------------
     0 | D:1      | Saba the Gargoyle Hunter began the quest for the Orb.
     0 | D:1      | Reached XP level 1. HP: 12/12 MP: 1/1
   162 | D:1      | Reached XP level 2. HP: 18/18 MP: 2/2
   515 | D:1      | Reached XP level 3. HP: 22/22 MP: 3/3
   516 | D:1      | Found a faded altar of an unknown god.
  1210 | D:2      | Noticed Robin
  1219 | D:2      | Reached skill level 5 in Ranged Weapons
  1224 | D:2      | Killed Robin
  1225 | D:2      | Reached XP level 4. HP: 12/28 MP: 4/4
  1927 | D:3      | Reached XP level 5. HP: 12/32 MP: 5/5
  2598 | D:4      | Reached skill level 6 in Ranged Weapons
  2710 | D:4      | Reached XP level 6. HP: 25/38 MP: 6/6
  3330 | D:5      | Entered Level 5 of the Dungeon
  3331 | D:5      | Noticed Blork the orc
  3818 | D:5      | Killed Blork the orc
  4018 | D:5      | HP: 1/39 [centaur/arrow (7)]
  4021 | D:5      | Reached skill level 5 in Fighting
  4021 | D:5      | Reached skill level 7 in Ranged Weapons
  4021 | D:5      | Reached XP level 7. HP: 2/44 MP: 7/7
  4392 | D:5      | Found a runed translucent gate.
  4393 | D:5      | Found a runed translucent gate.
  4393 | D:5      | Noticed AverageBear's ghost (amateur DsFi)
  4394 | D:5      | Found a runed translucent gate.
  4594 | D:5      | Found a broken altar of Ashenzari.
  4598 | D:5      | Noticed Menkaure
  4605 | D:5      | Killed Menkaure
  4606 | D:5      | Reached skill level 8 in Ranged Weapons
  4813 | D:5      | Reached XP level 8. HP: 49/51 MP: 8/8
  4957 | D:5      | Noticed Sigmund
  4963 | D:5      | Killed Sigmund
  5231 | D:6      | Reached skill level 9 in Ranged Weapons
  5253 | D:6      | Identified a scroll of acquirement
  5253 | D:6      | Acquired a +2 pair of boots of flying
  5257 | D:6      | Slain by a wight

Illustrated notes

Levels and vault maps discovered:
D:1:      dpeg_arrival_ternary, layout_loops_ring,
          shapermc_ecumenical_altar_venn, grunt_decor_clamped
D:2:      layout_basic, uniq_robin
D:3:      layout_basic
D:4:      layout_basic
D:5:      layout_basic, mainiacjoe_overflow_catwalk, biasface_ghost_orc_armoury,
          uniq_blork_the_orc, uniq_menkaure, uniq_sigmund
D:6:      layout_basic, lightli_minifort, uniq_grinder

Skill      XL: |  1  2  3  4  5  6  7  8 |
---------------+-------------------------+-----
Fighting       | 3 4 5 6 |  6.5
Ranged Weapons | 5 6 7 8 9 |  9.0
Dodging        | |  1.5
Stealth        | |  1.1

Action                   |  1- 3 |  4- 6 |  7- 9 || total
-------------------------+-------+-------+-------++-------
 Fire: Shortbow          |   108 |   221 |   114 ||   443
Evoke: Wand              |       |     8 |       ||     8
  Use: Scroll            |       |       |     9 ||     9
Armor: Leather armour    |    10 |       |       ||    10
       Ring mail         |    13 |   129 |       ||   142
       Robe              |       |     1 |    33 ||    34
Dodge: Dodged            |    38 |   107 |    30 ||   175
